 Dungeon Crawl Stone Soup version 0.25-a0-420-g1cc7eeb (webtiles) character file.

Game seed: 10192003839096653945, levelgen mode: deterministic

142 Ayyar the Sneak (level 5, 0/35 HPs)
             Began as an Octopode Assassin on Jan 19, 2020.
             Slain by a gnoll
             ... wielding a +0 spear
              (10 damage)
             ... on level 3 of the Dungeon.
             The game lasted 00:11:23 (2027 turns).

Ayyar the Sneak (Octopode Assassin)                 Turns: 2027, Time: 00:11:23

Health: 0/35       AC:  1    Str: 10    XL:     5   Next: 25%
Magic:  5/5        EV: 13    Int: 14    God:
Gold:   188        SH:  0    Dex: 14    Spells: 4/4 levels left

rFire    . . .     SeeInvis .   a - +2 dagger
rCold    . . .     Gourm    .   (no shield)
rNeg     . . .     Faith    .   (helmet restricted)
rPois    .         Spirit   .   (no amulet)
rElec    .         Reflect  .   (no ring)
rCorr    .         Harm     .   (no ring)
MR       .....                  (no ring)
Stlth    ++++......             (no ring)
HPRegen  0.11/turn              (no ring)
MPRegen  0.09/turn              (no ring)
                                (no ring)
                                (no ring)

@: no status effects
A: almost no armour, stealthy swim, amphibious, 8 rings, constrict 8, camouflage
1, gelatinous body 1
a: no special abilities


You were on level 3 of the Dungeon.
You were not hungry.

You visited 1 branch of the dungeon, and saw 3 of its levels.

You collected 188 gold pieces.

Inventory:

Hand Weapons
 a - a +2 dagger (weapon)
 g - a +0 dagger of venom
Missiles
 b - 11 poisoned darts (quivered)
 c - 2 curare-tipped darts
Scrolls
 e - a scroll of magic mapping {unknown}
 f - a scroll of teleportation {unknown}
 h - a scroll of enchant weapon {unknown}
 i - a scroll of amnesia {unknown}
 j - a scroll of fear
 o - a scroll of remove curse {unknown}
 q - a scroll of identify {unknown}
Potions
 l - a potion of heal wounds
 m - a potion of magic {unknown}
 n - a potion of might {unknown}
 p - a potion of resistance {unknown}
Comestibles
 d - 6 rations
 k - 4 chunks of flesh


   Skills:
 + Level 2.7 Fighting
 + Level 2.7 Short Blades
 + Level 2.7 Throwing
 + Level 2.1 Dodging
 * Level 6.7 Stealth


You had 4 spell levels left.
You didn't know any spells.
Your spell library was empty.

Dungeon Overview and Level Annotations

Branches:
Dungeon (3/15)

Altars:
Ashenzari
The Shining One


Innate Abilities, Weirdness & Mutations

You cannot wear most types of armour.
You are very stealthy in the water. (Stealth+)
You are amphibious.
You can wear up to eight rings at the same time.
You can use your tentacles to constrict eight enemies at once.
Your skin changes colour to match your surroundings (Stealth+).
Your rubbery body absorbs attacks. (AC +1, EV +1)


Message History

The gnoll barely misses you. The gnoll hits you.
You closely miss the gnoll. Your grab misses the gnoll.
The gnoll hits you with a +0 spear! The gnoll barely misses you.
The gnoll hits you from afar with a +0 spear.
* * * LOW HITPOINT WARNING * * *
As you read the scroll labeled DIUSCH LUTU, it crumbles to dust.
You assume a fearsome visage.
The gnoll looks frightened! x3
The kobold looks frightened!
It was a scroll of fear.
You are too injured to fight recklessly!
You are too injured to fight recklessly!
You are too injured to fight recklessly!
You hit the plant but do no damage. You grab the plant.
You constrict the plant, but do no damage.
You release your grip on the plant.
The gnoll hits you from afar with a +0 spear.
* * * LOW HITPOINT WARNING * * *
The gnoll hits you but does no damage.
There is a stone staircase leading up here.
The gnoll hits you from afar with a +0 spear!
You die...

#≈.≈# ##.......P.....### #≈.≈#
#........####g...#####
###≈.≈#########...#.)#.........
≈≈≈≈.§§§§≈≈≈§.'..P#..'...######
....≈.§§§..§..'...####..##
§≈§≈.≈§§≈≈≈≈≈.'....P....#
###≈.≈#########...g.....#
#≈.§###.)........######
#≈.≈#.........@...#
#≈.≈####..........# #≈.≈#
#..........# #≈.≈# #..........#
#≈.≈# #..........# ##........##
##......## ########


You could see a gnoll.

Vanquished Creatures
  Natasha (twice) (D:3)
  An adder (D:2)
  5 worms (D:2)
  A dart slug (D:3)
  3 orcs (D:3)
  7 bats
  6 giant cockroaches
  7 goblins
  5 hobgoblins
  8 jackals
  6 kobolds
  3 frilled lizards (D:1)
  5 rats
59 creatures vanquished.

Notes
Turn   | Place    | Note
-------+----------+-------------------------------------------
     0 | D:1      | Ayyar the Octopode Assassin began the quest for the Orb.
     0 | D:1      | Reached XP level 1. HP: 14/14 MP: 1/1
    98 | D:1      | Reached XP level 2. HP: 19/19 MP: 2/2
   597 | D:1      | Reached XP level 3. HP: 24/24 MP: 3/3
  1024 | D:2      | Reached skill level 6 in Stealth
  1304 | D:2      | Reached XP level 4. HP: 30/30 MP: 4/4
  1563 | D:3      | Found a shattered altar of Ashenzari.
  1598 | D:3      | Noticed Natasha
  1611 | D:3      | Killed Natasha
  1627 | D:3      | Found a glowing golden altar of the Shining One.
  1850 | D:3      | Reached XP level 5. HP: 35/35 MP: 5/5
  1884 | D:3      | Noticed Natasha
  1893 | D:3      | Killed Natasha
  2027 | D:3      | Slain by a gnoll

Levels and vault maps discovered:
D:1:      minmay_arrival_shattered_statue, layout_loops_ring,
          minmay_tiny_reverse_x
D:2:      layout_basic
D:3:      layout_rooms, lemuel_round_altar, overflow_temple_1_default,
          kennysheep_cross_bottleneck, corexii_shack, uniq_natasha

Skill      XL: |  1  2  3  4 |
---------------+-------------+-----
Stealth        | 6 |  6.7
Dodging        | 2 |  2.1
Fighting       | |  2.7
Short Blades   | |  2.7
Throwing       | |  2.7

Action                   |  1- 3 |  4- 6 || total
-------------------------+-------+-------++-------
Melee: Dagger            |    54 |    58 ||   112
       Constrict         |    12 |    13 ||    25
       Tentacles         |     8 |     7 ||    15
Throw: Dart              |     9 |     4 ||    13
  Use: Potion            |       |     1 ||     1
       Scroll            |       |     1 ||     1
 Stab: Sleeping          |    18 |     7 ||    25
  Eat: Chunk             |     1 |     2 ||     3
Armor: Skin              |     6 |     5 ||    11
Dodge: Dodged            |    22 |    24 ||    46

Table legend:
 A = Non-vault XP
 B = Vault XP
 C = Vault XP percentage of total XP
 D = Non-vault monster count
 E = Vault monster count
 F = Vault count percentage of total count
                 A         B        C        D         E       F
            +---------+---------+-------+---------+---------+-------
      Total |     162 |      42 |  20.6 |      55 |       4 |   6.8
            +---------+---------+-------+---------+---------+-------
        D:1 |      31 |       3 |   8.8 |      19 |       2 |   9.5
        D:2 |      66 |       0 |   0.0 |      22 |       0 |   0.0
        D:3 |      65 |      39 |  37.5 |      14 |       2 |  12.5
            +---------+---------+-------+---------+---------+-------
